Map: Catalyst LE

Players

foxer

  • Race: Terran Terran
  • Spawn Location: 11:00

Rex - Winner!

  • Race: Zerg Zerg
  • Spawn Location: 5:00

Event: WCS Austin 2018

VOD

Have the link to the VOD?

Description

Time

  • Played on: June 1, 2018, 2:50 p.m.
  • Length: 6:33

All games in this series

Show
View Real Time Build Order
Export as new Build Order

foxer Terran 

Build Orders: Gas First Reaper Expand, Hellion Opening, Reaper Expand 

Get SALT Encoding   

  12  0:01  SCV  
  13  0:13  SCV  
  14  0:17  Supply Depot  
  14  0:25  SCV  
  14  0:28  Refinery  
  15  0:39  SCV  
  16  0:45  Barracks  
  16  0:51  SCV  
  17  1:03  SCV  
  18  1:15  SCV  
  19  1:31  Orbital Command  
  19  1:32  Reaper  
  20  1:44  Command Center  
  20  1:56  Factory  
  20  1:59  SCV  
  21  2:06  Barracks Reactor  
  21  2:08  Refinery  
  21  2:11  SCV  
  22  2:18  Supply Depot  
  22  2:24  SCV  
  23  2:39  SCV  
  23  2:44  Starport  
  24  2:50  Hellion  
  28  2:51  Hellion  
  28  2:52  SCV  
  28  2:54  Barracks Tech Lab  
  29  3:03  Orbital Command  
  29  3:06  SCV  
  29  3:12  Hellion  
  32  3:16  Hellion  
  32  3:19  SCV  
  35  3:31  SCV  
  35  3:32  SCV  
  35  3:33  Medivac  
  38  3:35  Hellion  
  38  3:39  Hellion  
  42  3:44  Supply Depot  
  42  3:49  Supply Depot  
  42  3:50  SCV  
  42  3:52  SCV  
  44  3:57  Hellion  
  46  4:05  SCV  
  47  4:12  SCV  
  47  4:16  Hellion  
  50  4:18  SCV  
  50  4:19  Hellion  
  50  4:22  Barracks Tech Lab  
  53  4:26  SCV  
  53  4:30  Command Center  
  54  4:31  SCV  
  54  4:37  Supply Depot  
  55  4:39  Viking  
  55  4:45  SCV  
  58  4:47  SCV  
  58  4:51  Marine  
  60  4:56  Engineering Bay  
  60  4:58  Engineering Bay  
  60  5:03  SCV  
  60  5:05  Factory Reactor, SCV  
  62  5:12  Starport Reactor  
  62  5:15  SCV  
  62  5:17  Marine, SCV  
  62  5:21  Barracks  
  65  5:24  Barracks  
  65  5:28  SCV  
  64  5:30  SCV  
  61  5:36  Marine, Bunker  
  61  5:37  Bunker  
  61  5:40  SCV  
  63  5:53  Orbital Command  
  63  5:54  Marine  
  63  5:55  SCV  
  64  6:05  SCV  
  64  6:09  Supply Depot x2  
  68  6:15  SCV  
Show
View Real Time Build Order
Export as new Build Order

Rex Zerg - Winner!

Build Orders: Hatch First 

Get SALT Encoding   

  12  0:00  Drone  
  13  0:13  Overlord  
  13  0:17  Drone  
  14  0:31  Drone x2  
  16  0:36  Drone  
  17  0:53  Hatchery  
  17  0:56  Drone  
  17  1:00  Drone  
  18  1:10  Extractor  
  17  1:16  Spawning Pool  
  16  1:18  Drone  
  16  1:23  Drone  
  18  1:29  Drone  
  19  1:42  Overlord  
  19  1:50  Drone  
  20  2:03  Queen  
  20  2:05  Queen  
  20  2:06  Zergling x4  
  26  2:12  Metabolic Boost  
  26  2:16  Drone  
  26  2:17  Drone  
  28  2:23  Drone  
  29  2:35  Drone x2  
  31  2:41  Queen x2  
  35  2:47  Overlord  
  35  2:50  Drone  
  36  2:53  Overlord  
  36  3:06  Drone x3  
  39  3:13  Drone x6  
  39  3:15  Drone  
  46  3:34  Hatchery  
  45  3:40  Lair  
  45  3:41  Overlord, Drone  
  46  3:42  Drone x2  
  46  3:47  Drone x2  
  50  3:55  Drone  
  51  3:57  Extractor  
  51  3:59  Spore Crawler, Roach Warren, Extractor  
  47  4:03  Drone  
  47  4:06  Drone x2  
  47  4:07  Drone x3  
  52  4:11  Overlord  
  52  4:14  Pneumatized Carapace  
  52  4:17  Overlord  
  52  4:23  Zergling x2  
  53  4:35  Zergling x6  
  56  4:39  Roach x4  
  56  4:44  Roach  
  66  4:50  Roach  
  66  4:51  Overlord, Roach  
  70  4:56  Roach  
  70  4:57  Roach x3  
  77  5:09  Queen x2  
  77  5:12  Overlord x3  
  81  5:15  Overlord  
  80  5:33  Zergling x2  
  80  5:34  Zergling x16  
  89  5:39  Overlord  
  89  5:40  Zergling x4  
  89  5:42  Ravager x4  
  95  5:44  Ravager, Zergling x4  
  98  5:58  Zergling x12  
  98  5:59  Zergling x4  
  98  6:02  Overlord  
  106  6:13  Zergling x4  
  107  6:21  Ravager  
  107  6:22  Ravager x3  
Tags
 
Add a new tag
Caveats
  • Supply blocks, unpowered buildings, or Contaminate may cause inaccurate times.
  • Supply counts are checked every 10 seconds.